Selects Airborne Battlegroup
Selects Heavy Machine Gun Paradrop
Heavy Machine Gun Paradrop
Construct Weapon Support Center
Heavy Machine Gun Paradrop
M3 Armored Personnel Carrier
Selects Smoke Bombing Run
Selects Paratrooper Squad Paradrop
Heavy Machine Gun Paradrop
Paratrooper Squad Paradrop
Paratrooper Squad Paradrop
Paratrooper Squad Paradrop
Selects Paradrop Reinforcements
M4(105) Sherman Bulldozer
Selects Carpet Bombing Run
M18 Hellcat Tank Destroyer
M4(105) Sherman Bulldozer
Selects Anti-tank Gun Team Paradrop